 Dungeon Crawl Stone Soup version 0.23-a0-78-gc252fe1 (webtiles) character file.

70 mopl the Covered (level 4, -6/38 HPs)
             Began as a Formicid Wanderer on Aug 10, 2018.
             Mangled by an ogre
             ... wielding a +0 giant club
              (18 damage)
             ... on level 3 of the Dungeon.
             The game lasted 00:03:07 (1766 turns).

mopl the Covered (Formicid Wanderer)                Turns: 1766, Time: 00:03:07

Health: -6/38      AC:  9    Str: 17    XL:     4   Next: 45%
Magic:  4/4        EV:  9    Int: 12    God:
Gold:   100        SH:  0    Dex: 10    Spells: 3/3 levels left

rFire    . . .     SeeInvis +   p - +0 war axe
rCold    . . .     Gourm    .   (no shield)
rNeg     . . .     Faith    .   a - +2 scale mail
rPois    .         Spirit   .   (helmet unavailable)
rElec    .         Reflect  .   (no cloak)
rCorr    .         Harm     .   (no gloves)
MR       .....                  (no boots)
Stlth    ..........             (no amulet)
HPRegen  0.12/turn              (no ring)
MPRegen  0.09/turn              (no ring)

@: no status effects
A: permanent stasis, dig shafts and tunnels, four strong arms, antennae 3
a: Dig, Shaft Self


You were on level 3 of the Dungeon.
You were not hungry.

You visited 1 branch of the dungeon, and saw 3 of its levels.

You collected 100 gold pieces.

Inventory:

Hand Weapons
 l - a +0 mace
 n - a +0 flail
 p - a +0 war axe (weapon)
Missiles
 o - 23 poisoned needles
Armour
 a - a +2 scale mail (worn)
Scrolls
 c - a scroll of random uselessness {unknown}
 e - 2 scrolls of blinking {unknown}
 f - a scroll of immolation {unknown}
 g - 3 scrolls of identify {unknown}
 h - a scroll of enchant armour {unknown}
 i - a scroll of fog {unknown}
 r - a scroll of remove curse {unknown}
Potions
 b - 2 potions of curing
 j - a potion of cancellation {unknown}
 m - a potion of degeneration {unknown}
 q - a potion of agility
Comestibles
 d - 2 rations
 k - a chunk of flesh


   Skills:
 + Level 4.4 Fighting
 * Level 0.1 Axes
   Level 1.0 Crossbows
 + Level 5.3 Armour
   Level 2.4 Shields


You had 3 spell levels left.
You didn't know any spells.
Your spell library was empty.

Dungeon Overview and Level Annotations

Branches:
Dungeon (3/15)

Altars:
Ru
The Shining One


Innate Abilities, Weirdness & Mutations

You cannot be hasted, slowed, berserked, paralysed or teleported.
You can dig through walls and to a lower floor.
Your four strong arms can wield two-handed weapons with a shield.
You have a pair of large antennae on your head. (SInv)


Message History

o - 23 poisoned needles (gained 10)
Found 17 arrows.
You sense a monster nearby.
An ogre comes into view. It is wielding a giant club.
The ogre shouts!
You slash the ogre!
The ogre is moderately wounded.
The ogre hits you with a giant club!
You slash the ogre!
The ogre is heavily wounded.
The ogre barely misses you.
You slash the ogre!
The ogre is almost dead.
The ogre hits you with a giant club!
You are too injured to fight recklessly!
You are too injured to fight recklessly!
You hit the ogre but do no damage.
The ogre is almost dead.
The ogre hits you with a giant club!!
You die...

########.# #.#.##.#...#.#
#........###.#.#..)...'..
#.##.........#.##.#...#.#
#.##.#########^.####+####
#.##.# ##...# #.. #.##(#
####.## ##)# #.##.#
#.....###†.# #.##.######
#.###...).## #.......@.#
# ####.##. ###.#####O#
#.##. #.# .# #.##. #.# .#
#.### #.# .# #.### #.# .#
#.##. #.# .# #.##. #.# .#
#. #.. ..


You could see an ogre.

Vanquished Creatures
  2 oozes (D:1)
  A worm (D:2)
  2 leopard geckos (D:2)
  3 orcs (D:3)
  3 giant cockroaches
  14 goblins
  9 hobgoblins
  A quokka (D:2)
  4 bats
  A frilled lizard (D:2)
  4 kobolds
  3 rats
47 creatures vanquished.

Notes
Turn   | Place    | Note
-------+----------+-------------------------------------------
     0 | D:1      | mopl the Formicid Wanderer began the quest for the Orb.
     0 | D:1      | mopl set off with: a +2 scale mail, 2 potions of curing, a +0 club, a ration
     0 | D:1      | Reached XP level 1. HP: 18/18 MP: 1/1
   120 | D:1      | Reached XP level 2. HP: 21/24 MP: 2/2
   347 | D:1      | Reached XP level 3. HP: 19/30 MP: 3/3
   583 | D:2      | Reached skill level 4 in Fighting
   655 | D:2      | Reached skill level 5 in Armour
   930 | D:2      | Found a glowing golden altar of the Shining One.
  1120 | D:2      | Found a sacrificial altar of Ru.
  1144 | D:2      | You fall through a shaft!
  1174 | D:3      | Reached XP level 4. HP: 34/37 MP: 4/4
  1762 | D:3      | Noticed an ogre
  1766 | D:3      | Mangled by an ogre

Vault maps used:
D:1:      scummos_arrival_simple_fountains
D:2:      nicolae_ru_awakened_eye, nicolae_overflow_hidden_temple,
          minmay_goblin_kobold_house
D:3:      cheibrodos_greedy_goblins, first_ration, nemelex_dance_club_becter

Skill      XL: |  1  2  3 |
---------------+----------+-----
Fighting       | 4 |  4.4
Armour         | 5 |  5.3
Axes           | |  0.1
Crossbows      | |  1.0
Shields        | |  2.4

Action                   |  1- 3 |  4- 6 || total
-------------------------+-------+-------++-------
Melee: Club              |   130 |       ||   130
       Mace              |    33 |    31 ||    64
       Flail             |       |    10 ||    10
       War axe           |       |     8 ||     8
 Abil: Dig               |     1 |       ||     1
  Eat: Chunk             |     1 |     2 ||     3
Armor: Scale mail        |   100 |    20 ||   120
Dodge: Dodged            |   114 |    23 ||   137

Table legend:
 A = Non-vault XP
 B = Vault XP
 C = Vault XP percentage of total XP
 D = Non-vault monster count
 E = Vault monster count
 F = Vault count percentage of total count
 G = Total turns spent on level
                 A         B        C        D         E       F
            +---------+---------+-------+---------+---------+-------
      Total |      70 |      31 |  30.7 |      31 |      16 |  34.0
            +---------+---------+-------+---------+---------+-------
        D:1 |      35 |       0 |   0.0 |      16 |       0 |   0.0
        D:2 |      26 |      11 |  29.7 |      12 |       6 |  33.3
        D:3 |       9 |      20 |  69.0 |       3 |      10 |  76.9
            +---------+---------+-------+---------+---------+-------
